 Dungeon Crawl Stone Soup version 0.27.0-65-ge2af304b15 (webtiles) character file.

Game seed: 7293084684804216557

860 sanka the Cleaver (level 7, -7/55 HPs)
             Began as a Palentonga Abyssal Knight on Aug 18, 2021.
             Was a Believer of Lugonu.
             Mangled by an ice beast (11 damage)
             ... on level 5 of the Dungeon.
             The game lasted 00:08:16 (5480 turns).

sanka the Cleaver (Palentonga Abyssal Knight)       Turns: 5480, Time: 00:08:17

Health: -7/55      AC: 11    Str: 18    XL:     7   Next: 71%
Magic:  10/10      EV:  9    Int: 12    God:    Lugonu [**....]
Gold:   201        SH:  0    Dex:  9    Spells: 6/6 levels left

rFire    + . .     SeeInvis +   a - +0 war axe
rCold    . . .     Faith    .   (no shield)
rNeg     . . .     Spirit   .   l - +0 leather armour
rPois    .         Reflect  .   (no helmet)
rElec    .         Harm     .   (no cloak)
rCorr    +         Rampage  .   (no gloves)
Will     .....                  (no barding)
Stlth    +.........             c - amulet of the acrobat
HPRegen  0.18/turn              n - ring of resist corrosion
MPRegen  0.12/turn              u - ring of protection from fire

@: curled up
A: large, rugged brown scales 3, see invisible, deformed body, roll 1, armoured
tail, reflexive curl
a: Rolling Charge, Renounce Religion, Depart the Abyss, Bend Space


You were on level 5 of the Dungeon.
You worshipped Lugonu.
Lugonu was pleased with you.
You visited 1 branch of the dungeon, and saw 5 of its levels.
You visited the Abyss 1 time.

You collected 201 gold pieces.


Innate Abilities, Weirdness & Mutations

You are completely covered in rugged brown scales. (AC +3, +7% HP)
You have supernaturally acute eyesight. (SInv)
Armour fits poorly on your strangely shaped body.
You can roll at nearby foes to attack.
You have a long armoured tail.
You curl defensively after being hit.


   Skills:
 - Level 3.0 Fighting
 - Level 8.0 Axes
 - Level 1.5 Armour
 - Level 0.7 Dodging
 + Level 4.9 Invocations


You had 6 spell levels left.
You didn't know any spells.
Your spell library contained the following spells:

 Spells                   Type           Power      Damage    Failure   Level
 Beastly Appendage        Tmut           0%         N/A       36%         1
 Summon Small Mammal      Summ           0%         N/A       36%         1
 Slow                     Hex            0%         N/A       52%         2
 Sublimation of Blood     Necr           0%         N/A       52%         2
 Wereblood                Tmut           0%         N/A       52%         2
 Call Canine Familiar     Summ           0%         N/A       75%         3
 Confusing Touch          Hex            0%         N/A       75%         3
 Gell's Gravitas          Tloc           0%         N/A       75%         3
 Ignite Poison            Fire/Tmut/Pois 0%         N/A       75%         3
 Mephitic Cloud           Conj/Pois/Air  0%         N/A       75%         3
 Spider Form              Tmut/Pois      0%         N/A       75%         3
 Summon Guardian Golem    Hex/Summ       0%         N/A       75%         3
 Teleport Other           Tloc           0%         N/A       75%         3
 Vampiric Draining        Necr           0%         2d6       75%         3
 Passage of Golubria      Tloc           N/A        N/A       98%         4
 Bolt of Magma            Conj/Fire/Erth 0%         4d4       100%        5
 Silence                  Hex/Air        0%         N/A       100%        5
 Dispersal                Tloc           0%         N/A       100%        6
 Summon Hydra             Summ           0%         N/A       100%        7
 Lehudib's Crystal Spear  Conj/Erth      0%         10d2      100%        8

Inventory:

Hand Weapons
 a - a +0 war axe (weapon)
 b - a +0 whip of venom
Missiles
 j - 16 poisoned darts
Armour
 l - a +0 leather armour (worn)
Magical Staves
 y - a staff of conjuration {!a}
Jewellery
 c - an amulet of the acrobat (around neck)
 n - a ring of resist corrosion (left hand)
 u - a ring of protection from fire (right hand)
Wands
 s - a wand of charming (6)
 t - a wand of paralysis (6)
Scrolls
 f - 2 scrolls of vulnerability {unknown}
 g - 4 scrolls of identify {unknown}
 h - a scroll of fear {unknown}
 m - a scroll of noise {unknown}
 o - 2 scrolls of fog {unknown}
 p - 3 scrolls of enchant armour {unknown}
 q - 2 scrolls of teleportation {unknown}
 r - 2 scrolls of magic mapping {unknown}
 w - a scroll of silence {unknown}
 x - 2 scrolls of enchant weapon {unknown}
Potions
 d - 2 potions of mutation {unknown}
 e - 3 potions of curing {unknown}
 i - a potion of berserk rage {unknown}
 k - 2 potions of heal wounds {unknown}
 v - a potion of haste {unknown}

Dungeon Overview and Level Annotations

Branches:
Dungeon (5/15)
 Temple: D:4-7

Altars:

.▒▒▒▒▒▒▒.▒▒............▒
▒.▒......▒▒.▒▒▒...▒▒▒..▒
▒▒..▒▒▒▒.▒▒.▒▒▒...▒ ▒..▒
)..)..............▒ ▒..▒
▒▒).▒▒▒▒▒▒▒.▒.▒▒.▒▒ ▒..▒
▒.▒.▒ ▒.▒(▒▒.▒ ▒..▒
.▒▒.▒ ▒.▒.▒▒.▒ ▒..▒
▒▒▒.▒ ▒.▒.▒▒Y▒▒▒▒.<▒
▒▒▒.▒▒▒▒▒▒▒.▒.▒▒H▒▒....▒
▒▒.......▒▒............▒
▒▒.▒▒▒▒▒.........▒▒.▒▒▒▒
▒▒.▒ ▒.▒▒▒▒.▒▒▒▒▒.▒ ▒.▒
▒...▒▒.▒▒▒▒▒.▒ ▒.▒
▒.▒..........▒
▒.▒▒▒▒▒.▒▒▒▒.▒▒▒▒▒▒▒
▒.......▒ ▒.▒ ▒▒▒▒.▒▒▒▒
▒.▒


You could see an ice beast.


Message History

The ice beast hits you. The ice beast freezes you!
* * * LOW HITPOINT WARNING * * *
You hit the ice beast but do no damage. You tail-slap the ice beast.
The ice beast is almost dead.
The ice beast hits you.
* * * LOW HITPOINT WARNING * * *
The ice beast freezes you!
* * * LOW HITPOINT WARNING * * *
You closely miss the ice beast.
The ice beast is almost dead.
The ice beast barely misses you. The ice beast completely misses you.
There is a stone staircase leading up here.
There is a stone staircase leading up here.
The ice beast hits you but does no damage.
You hit the ice beast.
The ice beast is almost dead.
The ice beast hits you.
* * * LOW HITPOINT WARNING * * *
The ice beast freezes you!
* * * LOW HITPOINT WARNING * * *
You hit the ice beast.
You tail-slap the ice beast, but do no damage.
The ice beast is almost dead.
The ice beast hits you.
* * * LOW HITPOINT WARNING * * *
The ice beast freezes you!
You die...

Action                   |  1- 3 |  4- 6 |  7- 9 || total
-------------------------+-------+-------+-------++-------
Melee: Hand axe          |    64 |    35 |    37 ||   136
       Tailslap          |     8 |    23 |     5 ||    36
       Whip              |    35 |   102 |     1 ||   138
       War axe           |       |       |     9 ||     9
Invok: Depart the Abyss  |     1 |       |       ||     1
 Abil: Rolling Charge    |     5 |     8 |     6 ||    19
Armor: Leather armour    |    40 |    20 |     7 ||    67
Dodge: Dodged            |    69 |    48 |    20 ||   137

Levels and vault maps discovered:
D:1:      amcnicky_arrival_feature_with_door, layout_rooms,
          shapermc_ecumenical_altar_rom_forum
D:2:      layout_basic
D:3:      layout_loops_ring
D:4:      layout_basic
D:5:      layout_loops_ring, minmay_temple_entry_sparse_star, uniq_grinder,
          uniq_edmund

Notes
Turn   | Place    | Note
-------+----------+-------------------------------------------
     0 | Abyss:1  | sanka the Palentonga Abyssal Knight began the quest for the
                  | Orb.
     0 | Abyss:1  | Reached XP level 1. HP: 19/19 MP: 2/2
    44 | Abyss:1  | Noticed a small abomination
    48 | Abyss:1  | Noticed a starcursed mass
    49 | D:1      | Escaped the Abyss
   137 | D:1      | Found a faded altar of an unknown god.
   266 | D:1      | Reached XP level 2. HP: 25/25 MP: 3/3
   270 | D:1      | Got Plato's Guide on Creation
   294 | D:1      | Reached skill level 3 in Axes
   500 | D:1      | Reached * piety under Lugonu
   796 | D:2      | Reached XP level 3. HP: 30/31 MP: 4/4
  1407 | D:2      | Reached skill level 4 in Axes
  1809 | D:2      | Reached XP level 4. HP: 30/37 MP: 5/5
  2285 | D:3      | Reached ** piety under Lugonu
  2336 | D:3      | Noticed an ogre
  2357 | D:3      | Killed an ogre
  2358 | D:3      | Reached skill level 5 in Axes
  2358 | D:3      | Reached XP level 5. HP: 43/43 MP: 6/6
  3021 | D:4      | Reached skill level 6 in Axes
  3347 | D:4      | Reached XP level 6. HP: 14/50 MP: 7/7
  4120 | D:5      | Entered Level 5 of the Dungeon
  4124 | D:5      | Noticed an ice beast
  4167 | D:5      | Reached skill level 7 in Axes
  4367 | D:5      | Noticed Edmund
  4456 | D:5      | Killed Edmund
  4457 | D:5      | Reached skill level 8 in Axes
  4457 | D:5      | Gained mutation: You curl defensively after being hit.
                  | [Palentonga growth]
  4457 | D:5      | Reached XP level 7. HP: 10/55 MP: 8/8
  4750 | D:5      | Noticed Grinder
  4789 | D:5      | Killed Grinder
  4790 | D:5      | Reached skill level 4 in Invocations
  5393 | D:5      | HP: 3/55 [ice beast (14)]
  5479 | D:5      | HP: 5/55 [ice beast (12)]
  5480 | D:5      | Mangled by an ice beast

Vanquished Creatures
  Grinder (D:5)
  Edmund (D:5)
  An ogre (D:3)
  A phantom (D:5)
  A wight (D:5)
  2 jellies (D:4)
  An orc priest (D:4)
  4 iguanas
  4 gnolls (D:2)
  4 adders
  An ufetubus (D:5)
  An adder skeleton (D:4)
  2 dart slugs
  7 orcs
  5 bats
  6 endoplasms
  6 giant cockroaches
  4 goblins
  6 hobgoblins
  15 jackals
  4 kobolds
  2 quokkas
  8 ball pythons
  2 frilled lizards (D:2)
89 creatures vanquished.

Vanquished Creatures (others)
  A plant (D:1)
1 creature vanquished.

Grand Total: 90 creatures vanquished
